 Dungeon Crawl Stone Soup version 0.31.0-9-g3a7656b989 (webtiles) character file.

Game seed: 8095889281701023053

245 Xavori the Slasher (level 6, -4/47 HPs)
             Began as a Djinni Chaos Knight on Jan 24, 2024.
             Was a Plaything of Xom.
             Slain by a ribbon worm (7 damage)
             ... on level 4 of the Dungeon.
             The game lasted 00:02:15 (5135 turns).

Xavori the Slasher (Djinni Chaos Knight)            Turns: 5135, Time: 00:02:16

Health: -4/47      AC:  5    Str:  9    XL:     6   Next: 32%
Gold:   235        EV:  6    Int: 19    God:    Xom [*.....] SH:  0 Dex: 17

rFire   + + .        a - +0 falchion (chaos)
rCold   x . .        (no shield)
rNeg    . . .        b - +2 leather armour
rPois   ∞            (helmet restricted)
rElec   .            (no cloak)
rCorr   .            (no gloves)
SInv    .            (boots unavailable)
Will    .....        (no amulet)
Stlth   ++           o - +6 ring of intelligence
HPRegen 0.27/turn    (no ring)
MPRegen 0.00/turn

%: infuse magic (-5 HP)
@: flying, held
A: sickness immunity, fire resistance 2, cold vulnerability 1, float, innate
caster, HP casting, extra vitality 1, horns 1, thin skeletal structure 1,
mutation resistance 1, passive freeze, weak 1, wild magic 1
a: Renounce Religion


You were on level 4 of the Dungeon.
You worshipped Xom.
You were a special plaything of Xom.
You visited 1 branch of the dungeon, and saw 4 of its levels.

You collected 235 gold pieces.

Inventory:

Hand Weapons
 a - a +0 falchion of chaos (weapon)
Armour
 b - a +2 leather armour (worn)
Jewellery
 o - a +6 ring of intelligence (left hand)
Wands
 j - a wand of flame (22)
 t - a wand of mindburst (20)
Scrolls
 c - 2 scrolls of butterflies
 d - a scroll of vulnerability {unknown}
 f - 6 scrolls of identify {unknown}
 i - a scroll of noise {unknown}
 n - a scroll of enchant weapon {unknown}
 p - a scroll of teleportation {unknown}
 q - a scroll of poison {unknown}
Potions
 e - 4 potions of degeneration {unknown}
 g - a potion of heal wounds {unknown}
 h - a potion of magic {unknown}
 k - a potion of attraction {unknown}
 l - 2 potions of lignification {unknown}
 m - a potion of curing {unknown}
 r - a potion of haste {unknown}
 s - a potion of mutation {unknown}


   Skills:
 + Level 3.7 Fighting
 + Level 4.1 Long Blades
 + Level 2.8 Armour
 + Level 3.0 Dodging
 * Level 1.2 Spellcasting
 * Level 1.2 Conjurations
 * Level 1.2 Hexes
 * Level 1.2 Summonings
 * Level 1.2 Necromancy
 * Level 1.2 Translocations
 * Level 1.2 Fire Magic
 * Level 1.2 Ice Magic
 * Level 1.2 Air Magic
 * Level 1.2 Earth Magic
 * Level 1.2 Alchemy
 * Level 1.1 Evocations


You knew the following spells:

 Your Spells              Type           Power      Damage    Failure   Level
a - Summon Small Mammal   Summ           28%        N/A       22%         1
b - Ensorcelled Hibernat  Hex/Ice        14%        N/A       30%         2
Your spell library was empty.

Dungeon Overview and Level Annotations

Branches:
Dungeon (4/15)
 Temple: D:4-7

Altars:


Innate Abilities, Weirdness & Mutations

You are immune to sickness and miasma.
You are immune to poison.
Your flesh is very heat resistant. (rF++)
You are vulnerable to cold. (rC-)
You float through the air rather than walking.
You learn spells naturally, not from books.
Your magical power is your life essence.
You have superior vitality. (+4 MHP)
You have a pair of small horns on your head.
You have a somewhat thin skeletal structure. (Dex +2, Stealth+)
You are somewhat resistant to further mutation.
A frigid envelope surrounds you and freezes all who hurt you.
You are weak. (Str -2)
Your spells are a little harder to cast, but a little more powerful.


Message History

The gnoll hits you from afar with a +0 spear!
You hit the gnoll.
The gnoll flies into a frenzy!
The gnoll is severely wounded.
The gnoll barely misses the gnoll.
The gnoll hits the gnoll with a +0 flail.
The gnoll hits you from afar with a +0 spear.
You barely miss the gnoll. You headbutt the gnoll.
The gnoll is almost dead.
The gnoll closely misses the gnoll.
The gnoll hits you from afar with a +0 spear.
The gnoll hits the gnoll with a +0 flail.
The gnoll dies!
Unknown command.
You closely miss the gnoll.
The gnoll is almost dead.
The gnoll hits you with a +0 flail.
The gnoll is very cold.
You kill the gnoll!
The gnoll attacks as it pursues you! The gnoll barely misses you.
The gnoll hits you with a +0 spear.
The gnoll is very cold.
The gnoll is lightly wounded.
You hit the gnoll.
The gnoll flies into a frenzy!
The gnoll is heavily wounded.
The gnoll hits you with a +0 spear.
* * * LOW HITPOINT WARNING * * *
The gnoll is very cold.
The gnoll is severely wounded.
The ribbon worm expels a string of sticky webbing.
The stream of webbing misses the gnoll.
The stream of webbing hits you but does no damage.
You are caught in a web!
The gnoll hits you with a +0 spear!
* * * LOW HITPOINT WARNING * * *
The gnoll is very cold.
You kill the gnoll!
Your Dodging skill increases to level 3!
Your Evocations skill increases to level 1!
You struggle to detach yourself from the web.
You struggle to detach yourself from the web.
You struggle to detach yourself from the web.
The ribbon worm bites you!
You die...

#..# #..# #..# #..# #..#
#..# #..#
################..######
#)....w@................
#)######################
#) #w .. #. #. ..


You could see a ribbon worm (catching breath).

Vanquished Creatures
  An orc priest (D:4)
  An orc wizard (D:4)
  5 gnolls
  5 adders
  5 dart slugs
  2 ribbon worms (D:3)
  5 orcs
  6 endoplasms
  5 giant cockroaches
  7 goblins
  4 hobgoblins
  4 jackals (D:1)
  3 quokkas
  2 ball pythons (D:2)
  6 bats
  3 frilled lizards
  4 kobolds
  A kobold (shapeshifter) (D:3)
  5 rats
74 creatures vanquished.

Vanquished Creatures (collateral kills)
  A gnoll (D:4)
1 creature vanquished.

Grand Total: 75 creatures vanquished

Notes
Turn   | Place    | Note
-------+----------+-------------------------------------------
     0 | D:1      | Xavori the Djinni Chaos Knight began the quest for the Orb.
     0 | D:1      | Reached XP level 1. HP: 20/20 MP: 0/0
   147 | D:1      | Reached XP level 2. HP: 25/25 MP: 0/0
   186 | D:1      | XOM: smoke on damage
   240 | D:1      | XOM: silly message
   278 | D:1      | Reached skill level 3 in Long Blades
   279 | D:1      | XOM: silly message
   330 | D:1      | Reached XP level 3. HP: 30/30 MP: 0/0
   330 | D:1      | Learned a level 1 spell: Summon Small Mammal
   409 | D:1      | XOM: divination: detect items
   631 | D:2      | XOM: god gift: 6 stones
   929 | D:1      | XOM: scenery: 1 doors close
  1037 | D:1      | XOM: give mutations
  1037 | D:1      | Gained mutation: A frigid envelope surrounds you and
                  | freezes all who hurt you. [Xom's grace]
  1037 | D:1      | Gained mutation: You have a pair of small horns on your
                  | head. [Xom's grace]
  1037 | D:1      | Gained mutation: You are somewhat resistant to further
                  | mutation. [Xom's grace]
  2475 | D:1      | XOM: silly message
  3033 | D:1      | XOM: give mutations
  3033 | D:1      | Gained mutation: Your spells are a little harder to cast,
                  | but a little more powerful. [Xom's grace]
  3033 | D:1      | Gained mutation: You have a somewhat thin skeletal
                  | structure. (Dex +2, Stealth+) [Xom's grace]
  3184 | D:2      | Reached XP level 4. HP: 30/35 MP: 0/0
  3699 | D:2      | XOM: scenery: 2 doors open
  3755 | D:2      | XOM: noise
  3914 | D:3      | a gnoll changed into a shapeshifter
  3914 | D:3      | Noticed a shapeshifter (shapeshifter)
  3914 | D:3      | XOM: polymorph gnoll -> shapeshifter
  3914 | D:3      | a shapeshifter changed into a jackal
  3952 | D:3      | Reached XP level 5. HP: 16/40 MP: 0/0
  3952 | D:3      | Learned a level 2 spell: Ensorcelled Hibernation
  4107 | D:3      | XOM: god gift: 34 gold pieces
  4165 | D:3      | Reached skill level 1 in Spellcasting
  4165 | D:3      | Reached skill level 1 in Conjurations
  4165 | D:3      | Reached skill level 1 in Hexes
  4165 | D:3      | Reached skill level 1 in Summonings
  4165 | D:3      | Reached skill level 1 in Necromancy
  4165 | D:3      | Reached skill level 1 in Translocations
  4165 | D:3      | Reached skill level 1 in Fire Magic
  4165 | D:3      | Reached skill level 1 in Ice Magic
  4165 | D:3      | Reached skill level 1 in Air Magic
  4165 | D:3      | Reached skill level 1 in Earth Magic
  4165 | D:3      | Reached skill level 1 in Alchemy
  4243 | D:3      | XOM: cloud trail
  4508 | D:3      | XOM: give mutation
  4508 | D:3      | Gained mutation: You are weak. (Str -2) [Xom's mischief]
  4977 | D:4      | Reached XP level 6. HP: 38/46 MP: 0/0
  5120 | D:4      | Reached skill level 4 in Long Blades
  5121 | D:4      | XOM: noise
  5132 | D:4      | HP: 2/46 [gnoll/+0 spear (7)]
  5133 | D:4      | Reached skill level 1 in Evocations
  5135 | D:4      | Slain by a ribbon worm

Illustrated notes

Levels and vault maps discovered:
D:1:      minmay_arrival_cross, layout_basic
D:2:      layout_basic
D:3:      minmay_skewed_foursquare, layout_basic, minmay_starry_boxes
D:4:      minmay_angry_zag, layout_basic

Skill      XL: |  1  2  3  4  5  6 |
---------------+-------------------+-----
Long Blades    | 3 4 |  4.1
Armour         | 2 |  2.8
Spellcasting   | 1 |  1.2
Conjurations   | 1 |  1.2
Hexes          | 1 |  1.2
Summonings     | 1 |  1.2
Necromancy     | 1 |  1.2
Translocations | 1 |  1.2
Fire Magic     | 1 |  1.2
Ice Magic      | 1 |  1.2
Air Magic      | 1 |  1.2
Earth Magic    | 1 |  1.2
Alchemy        | 1 |  1.2
Dodging        | 3 |  3.0
Evocations     | 1 |  1.1
Fighting       | |  3.7

Action                     |  1- 3 |  4- 6 || total
---------------------------+-------+-------++-------
  Melee: Falchion          |    75 |    74 ||   149
         Headbutt          |     4 |    15 ||    19
   Stab: Paralysed         |     1 |       ||     1
         Sleeping          |       |     5 ||     5
         Confused          |       |     1 ||     1
 Armour: Leather armour    |    42 |    50 ||    92
  Dodge: Dodged            |    55 |    42 ||    97
